 Dungeon Crawl Stone Soup version 0.24-a0-232-g49d9ff8 (webtiles) character file.

Game seed: 1204594823336168801

6509 Ijustatesigmund the Epochal (level 11, -10/74 HPs)
             Began as an Octopode Fighter on Apr 4, 2019.
             Was an Elder of Cheibriados.
             Shot with an arrow by a centaur warrior (20 damage)
             ... on level 8 of the Dungeon.
             The game lasted 00:18:42 (9025 turns).

Ijustatesigmund the Epochal (Octopode Fighter)      Turns: 9025, Time: 00:18:44

Health: -10/74     AC:  1    Str: 28    XL:     11   Next: 0%
Magic:  18/18      EV: 16    Int: 24    God:    Cheibriados [****..]
Gold:   378        SH: 19    Dex: 25    Spells: 10/10 levels left

rFire    . . .     SeeInvis +   z - +3 broad axe (flame)
rCold    + . .     Gourm    .   w - +0 large shield "Jigguun" {-Cast Str+4 SInv}
rNeg     + . .     Faith    .   (helmet restricted)
rPois    +         Spirit   .   (no amulet)
rElec    .         Reflect  .   h - ring of protection from cold
rCorr    .         Harm     .   x - ring of the Past {+Blink rN+ Int+4 Stlth+}
MR       ++...     NoCast   +   g - ring of poison resistance
Stlth    ++++......             (no ring)
HPRegen  0.22/turn              (no ring)
MPRegen  0.16/turn              (no ring)
                                (no ring)
                                (no ring)

@: about to teleport, very slow
A: almost no armour, stealthy swim, amphibious, 8 rings, constrict 8, camouflage
1, magic resistance 2, weak 1, gelatinous body 1, MP-powered wands
a: Bend Time, Temporal Distortion, Slouch, Renounce Religion, Evoke Blink


You were on level 8 of the Dungeon.
You worshipped Cheibriados.
Cheibriados was greatly pleased with you.
You were not hungry.

You visited 1 branch of the dungeon, and saw 8 of its levels.

You collected 378 gold pieces.

Inventory:

Hand Weapons
 r - a +2 flail of protection
 y - a +2 hand axe of freezing
 z - a +3 broad axe of flaming (weapon)
Missiles
 k - a tomahawk of dispersal (quivered)
Armour
 b - a +1 shield
 w - the +0 large shield "Jigguun" (worn) {-Cast Str+4 SInv}
   (You found it on level 7 of the Dungeon)

   It affects your strength (+4).
   It lets you see invisible.
   It prevents spellcasting.
Jewellery
 g - a ring of poison resistance (on tentacle)
 h - a ring of protection from cold (left tentacle)
 x - the ring of the Past (right tentacle) {+Blink rN+ Int+4 Stlth+}
   (You found it on level 7 of the Dungeon)

   [ring of intelligence]

   It affects your intelligence (+4).
   It protects you from negative energy.
   It lets you blink.
   It makes you more stealthy.
Wands
 m - a wand of paralysis (1)
 n - a wand of iceblast (6)
 t - a wand of disintegration (7)
 u - a wand of clouds (8)
Scrolls
 e - 3 scrolls of remove curse
 i - 6 scrolls of teleportation
 A - a scroll of enchant armour
 D - a scroll of identify
Potions
 c - 3 potions of mutation
 f - a potion of degeneration {unknown}
 j - 2 potions of resistance
 l - 3 potions of curing
 o - 2 potions of flight
 p - 2 potions of cancellation
 q - a potion of brilliance {unknown}
 s - a potion of haste
 v - a potion of lignification {unknown}
 C - a potion of ambrosia {unknown}
Miscellaneous
 a - a sack of spiders
Comestibles
 d - 11 rations


   Skills:
 - Level 6.5 Fighting
 - Level 8.1 Axes
 - Level 6.4 Dodging
 + Level 8.4 Shields
 + Level 9.7 Invocations


You had 10 spell levels left.
You didn't know any spells.
Your spell library contained the following spells:

 Spells                   Type           Power        Failure   Level  Hunger
 Ignite Poison            Fire/Tmut/Pois #.......     98%         3    ####...
 Fireball                 Conj/Fire      #.........   100%        5    ######.
 Bolt of Fire             Conj/Fire      #.........   100%        6    #######
 Ring of Flames           Chrm/Fire      #.........   100%        7    #######
 Ignition                 Fire           #.........   100%        8    #######


Dungeon Overview and Level Annotations

Branches:
Dungeon (8/15)             Temple (0/1) D:4            Lair (0/6) D:8

Altars:
Cheibriados
Dithmenos
Elyvilon
Fedhas
Gozag
Hepliaklqana
Makhleb
Nemelex Xobeh
Okawaru
Qazlal
Ru
Trog
Uskayaw
Vehumet
Yredelemnul

Annotations:
D:7 3 runed translucent doors


Innate Abilities, Weirdness & Mutations

You cannot wear most types of armour.
You are very stealthy in the water. (Stealth+)
You are amphibious.
You can wear up to eight rings at the same time.
You can use your tentacles to constrict eight enemies at once.
Your skin changes colour to match your surroundings (Stealth+).
Your rubbery body absorbs attacks. (AC +1, EV +1)
You are highly resistant to hostile enchantments. (MR++)
You are weak. (Str -2)
You expend magic power (3 MP) to strengthen your wands.


Message History

You are too injured to fight recklessly!
You are too injured to fight recklessly!
You are too injured to fight recklessly!
You release your grip on the hound.
You block the hound's attack.
The centaur warrior shoots an arrow.
You block the arrow. You block the hound's attack.
The hound closely misses you.
The centaur warrior shoots an arrow.
The arrow hits you!!
* * * LOW HITPOINT WARNING * * *
You see here 2 arrows.
Okay, then.
The hound closely misses you.
Okay, then.
You slice the hound!! You burn the hound.
You kill the hound!
Cheibriados thoroughly appreciates the change of pace.
Cheibriados raises the support of your attributes as your movement slows.
As you read the scroll of teleportation, it crumbles to dust.
You feel strangely unstable.
The centaur warrior shoots an arrow.
The arrow hits you!!
You die...

#........# #...# #.<#####
#.########################...#...
#.........c..................#.##
###.##.............##.####.....))
#.....##.....##.....# ##...รท##
#.##..........(..##.# #......##
#..#..##..#.)##c.#..#...#.#<.##
#..## .#..#..#..##..#####.#..##
#...# ##...##@.#...# #.#..##
#...## #...#..##...# ..#..##
#.#..# ##.##..#..#.# # ...##
#.#..## #= ..##..#.# ...##
#.##..# ###..#..##.# #. #..##
..##..#..# #. ##..# #..#..##..#
#..## ..##..#..## ##..# #..##..#


You could see a centaur warrior.

Vanquished Creatures
  A two-headed ogre (D:8)
  A tengu warrior (D:8)
  An unseen horror (D:7)
  Pikel (D:7)
  A wolf spider (D:7)
  Joseph (D:7)
  A kobold demonologist (D:8)
  A hippogriff (D:8)
  Sigmund (D:4)
  Eustachio (D:4)
  Edmund (D:4)
  3 orc warriors
  2 black bears
  2 ice beasts
  2 ogres
  A phantom (D:7)
  3 bullfrogs
  2 scorpions
  10 killer bees (D:7)
  3 wights (D:8)
  4 crimson imps
  4 hounds
  A quasit (D:7)
  4 orc priests
  3 jellies
  4 iguanas
  5 orc wizards
  2 worker ants
  A hound skeleton (D:6)
  4 gnolls (D:6)
  7 adders
  A shadow imp (D:5)
  A worm (D:2)
  2 dart slugs
  4 leopard geckos
  38 orcs
  2 ball pythons
  6 giant cockroaches
  A goblin (D:3)
  7 hobgoblins
  6 kobolds
  A quokka (D:4)
  4 bats (D:2)
  2 frilled lizards
  6 rats
159 creatures vanquished.

Vanquished Creatures (others)
  4 slaves (D:7)
  An ice beast (D:7)
  An orc wizard (D:6)
  2 worms (D:7)
  An orc (D:6)
  3 rats (D:7)
  5 toadstools (D:1)
17 creatures vanquished.

Grand Total: 176 creatures vanquished

Notes
Turn   | Place    | Note
-------+----------+-------------------------------------------
     0 | D:1      | Ijustatesigmund the Octopode Fighter began the quest for
                  | the Orb.
     0 | D:1      | Reached XP level 1. HP: 16/16 MP: 1/1
    52 | D:1      | Reached XP level 2. HP: 14/21 MP: 2/2
   512 | D:2      | Found a stormy altar of Qazlal.
   518 | D:2      | Noticed an air elemental
   518 | D:2      | Noticed a fire elemental
   519 | D:2      | Noticed a water elemental
   519 | D:2      | Noticed an earth elemental
   545 | D:2      | Reached XP level 3. HP: 21/26 MP: 3/3
  1025 | D:2      | Found an opulent altar of Gozag.
  1031 | D:2      | Reached XP level 4. HP: 31/31 MP: 4/4
  1069 | D:2      | Noticed an orc warrior
  1077 | D:2      | Killed an orc warrior
  1077 | D:2      | Reached skill level 5 in Axes
  1077 | D:2      | Reached XP level 5. HP: 36/36 MP: 5/5
  1675 | D:3      | Gained mutation: Scrolls take you a little longer to read.
                  | [potion of mutation]
  1675 | D:3      | Gained mutation: You have a pair of small antennae on your
                  | head. [potion of mutation]
  1676 | D:3      | Lost mutation: Scrolls take you a little longer to read.
                  | [potion of mutation]
  1676 | D:3      | Lost mutation: You have a pair of small antennae on your
                  | head. [potion of mutation]
  1676 | D:3      | Gained mutation: You are weak. (Str -2) [potion of
                  | mutation]
  1676 | D:3      | Gained mutation: You are resistant to hostile enchantments.
                  | (MR+) [potion of mutation]
  1676 | D:3      | Gained mutation: You expend magic power (3 MP) to
                  | strengthen your wands. [potion of mutation]
  1676 | D:3      | Gained mutation: You are highly resistant to hostile
                  | enchantments. (MR++) [potion of mutation]
  1849 | D:3      | Found a shadowy altar of Dithmenos.
  1850 | D:3      | Found a hide-covered altar of Uskayaw.
  1852 | D:3      | Found a snail-covered altar of Cheibriados.
  1855 | D:3      | Found a white marble altar of Elyvilon.
  1858 | D:3      | Found a basalt altar of Yredelemnul.
  1863 | D:3      | Became a worshipper of Cheibriados the Contemplative
  2199 | D:3      | Found an iron altar of Okawaru.
  2199 | D:3      | Found a blossoming altar of Fedhas.
  2427 | D:4      | Reached skill level 1 in Invocations
  2732 | D:4      | Reached XP level 6. HP: 42/42 MP: 6/6
  2830 | D:4      | Reached skill level 2 in Invocations
  3227 | D:4      | Found a staircase to the Ecumenical Temple.
  3523 | D:4      | Noticed Eustachio
  3536 | D:4      | Killed Eustachio
  3536 | D:4      | Reached skill level 3 in Invocations
  3536 | D:4      | Reached XP level 7. HP: 37/46 MP: 7/9
  3563 | D:4      | Noticed Sigmund
  3589 | D:4      | Killed Sigmund
  3716 | D:4      | Reached * piety under Cheibriados
  3759 | D:4      | Noticed Edmund
  3775 | D:4      | Killed Edmund
  3775 | D:4      | Reached skill level 4 in Invocations
  3969 | D:5      | Entered Level 5 of the Dungeon
  3990 | D:5      | Reached XP level 8. HP: 36/54 MP: 11/11
  4288 | D:5      | Found a sparkling altar of Nemelex Xobeh.
  4817 | D:5      | Found a burning altar of Makhleb.
  4818 | D:5      | Found a radiant altar of Vehumet.
  5038 | D:6      | Reached skill level 5 in Invocations
  5721 | D:6      | Reached ** piety under Cheibriados
  6350 | D:6      | Found a sacrificial altar of Ru.
  6720 | D:7      | Noticed Pikel
  6726 | D:7      | Killed Pikel
  6726 | D:7      | Reached skill level 5 in Fighting
  6726 | D:7      | Reached skill level 5 in Dodging
  6726 | D:7      | Reached skill level 5 in Shields
  6726 | D:7      | Reached skill level 6 in Invocations
  6726 | D:7      | Reached XP level 9. HP: 57/61 MP: 13/13
  6932 | D:7      | Reached skill level 7 in Invocations
  6936 | D:7      | Reached *** piety under Cheibriados
  7243 | D:7      | Noticed Joseph
  7254 | D:7      | Killed Joseph
  7424 | D:7      | Got a crude large shield
  7435 | D:7      | Identified the cursed +0 large shield "Jigguun" {-Cast
                  | Str+4 SInv} (You found it on level 7 of the Dungeon)
  7472 | D:7      | Noticed an unseen horror
  7473 | D:7      | Noticed a wolf spider
  7478 | D:7      | Killed a wolf spider
  7478 | D:7      | Reached XP level 10. HP: 45/69 MP: 15/15
  7483 | D:7      | Killed an unseen horror
  7486 | D:7      | Got a clouded ivory ring
  7487 | D:7      | Identified the ring of the Past {+Blink rN+ Int+4 Stlth+}
                  | (You found it on level 7 of the Dungeon)
  7730 | D:7      | Found a runed translucent door.
  7732 | D:7      | Noticed a cyclops
  7733 | D:7      | Found a runed translucent door.
  7733 | D:7      | Found a runed translucent door.
  7807 | D:7      | Reached skill level 8 in Invocations
  8181 | D:7      | Noticed a moth of wrath
  8184 | D:7      | Found a bloodstained altar of Trog.
  8408 | D:8      | Found a staircase to the Lair.
  8434 | D:8      | Found a hazy altar of Hepliaklqana.
  8673 | D:8      | Reached **** piety under Cheibriados
  8734 | D:8      | Noticed a two-headed ogre
  8744 | D:8      | Killed a two-headed ogre
  8744 | D:8      | Reached skill level 9 in Invocations
  8968 | D:8      | Noticed a kobold demonologist
  8971 | D:8      | Killed a kobold demonologist
  8999 | D:8      | Noticed a tengu warrior
  9001 | D:8      | Noticed a centaur warrior
  9008 | D:8      | Killed a tengu warrior
  9008 | D:8      | Reached XP level 11. HP: 50/74 MP: 18/18
  9025 | D:8      | Shot with an arrow by a centaur warrior

Levels and vault maps discovered:
D:1:      ldierk_walled_garden, layout_rooms
D:2:      wad_river_or_something, layout_loops_ring,
          nicolae_qazlal_style_of_elements,
          nicolae_gozag_cash_rules_everything_around_me
D:3:      layout_loops_corners, grunt_temple_overflow_open,
          gammafunk_temple_overflow_statue
D:4:      layout_basic, temple_green, first_ration, uniq_eustachio, uniq_edmund,
          uniq_sigmund
D:5:      layout_cave_pools, grunt_temple_overflow_lords_of_destruction,
          lemuel_round_altar, grunt_ministairs_6, minivault_23,
          roderic_lattice_a, minmay_statues_item
D:6:      layout_layer_cave, marbit_many_paths, minmay_hedge_maze,
          lemuel_old_faithful
D:7:      minmay_the_grid_four_pointed_star
          [minmay_the_grid_triangle_9x9_thin_v,
          minmay_the_grid_triangle_9x9_limited_checkers,
          minmay_the_grid_triangle_9x9_zippers_vertical,
          minmay_the_grid_triangle_9x9_fully_insulated_deathbox,
          minmay_the_grid_prize_diamond_cup], layout_loops_ring, tgw_trog,
          uniq_joseph, uniq_pikel
D:8:      minmay_tri_box, layout_rooms, nicolae_overflow_crystal_walls

Skill      XL: |  1  2  3  4  5  6  7  8  9 10 |
---------------+-------------------------------+-----
Axes           | 3 4 5 6 7 8 |  8.1
Invocations    | 1 3 4 6 7 9 |  9.7
Fighting       | 4 5 6 |  6.5
Dodging        | 4 5 6 |  6.4
Shields        | 4 5 6 8 |  8.4

Action                   |  1- 3 |  4- 6 |  7- 9 | 10-12 || total
-------------------------+-------+-------+-------+-------++-------
Melee: War axe           |    45 |    56 |   108 |     4 ||   213
       Constrict         |    12 |    15 |    40 |    15 ||    82
       Tentacles         |     5 |    13 |    47 |    18 ||    83
       Flail             |       |       |    65 |       ||    65
       Broad axe         |       |       |       |    60 ||    60
Throw: Tomahawk          |       |     3 |     2 |       ||     5
Invok: Bend Time         |       |       |     1 |       ||     1
Evoke: Wand              |       |       |     9 |     6 ||    15
  Use: Potion            |       |     3 |     3 |       ||     6
       Scroll            |       |    12 |     8 |     4 ||    24
 Stab: Sleeping          |     7 |     8 |     4 |     2 ||    21
       Distracted        |       |       |     1 |       ||     1
       Paralysed         |       |       |     6 |       ||     6
       Confused          |       |       |       |     1 ||     1
  Eat: Chunk             |       |     4 |       |     3 ||     7
       Ration            |       |     2 |     1 |       ||     3
Armor: Skin              |     3 |     1 |    21 |     1 ||    26
Dodge: Dodged            |    15 |    20 |   106 |    23 ||   164
Block: Shield            |    20 |    19 |   107 |       ||   146
       Large shield      |       |       |     5 |    70 ||    75

Table legend:
 A = Non-vault XP
 B = Vault XP
 C = Vault XP percentage of total XP
 D = Non-vault monster count
 E = Vault monster count
 F = Vault count percentage of total count
                 A         B        C        D         E       F
            +---------+---------+-------+---------+---------+-------
      Total |    4746 |    4553 |  49.0 |     133 |      26 |  16.4
            +---------+---------+-------+---------+---------+-------
        D:1 |      24 |       0 |   0.0 |      13 |       0 |   0.0
        D:2 |     184 |      39 |  17.5 |      15 |       9 |  37.5
        D:3 |      15 |       0 |   0.0 |       7 |       0 |   0.0
        D:4 |     303 |     586 |  65.9 |      11 |       3 |  21.4
        D:5 |     306 |      85 |  21.7 |      11 |       3 |  21.4
        D:6 |     654 |      34 |   4.9 |      25 |       1 |   3.8
        D:7 |    1462 |    2544 |  63.5 |      26 |       7 |  21.2
        D:8 |    1798 |    1265 |  41.3 |      25 |       3 |  10.7
            +---------+---------+-------+---------+---------+-------
